 Dungeon Crawl Stone Soup version 0.29.1-15-g9cfb28693d (webtiles) character file.

Game seed: 3329466910195402177

3019634 jfcaron the Conqueror (level 27, 273/273 HPs)
             Began as a Minotaur Fighter on Apr 14, 2023.
             Was an Initiate of Yredelemnul.
             Escaped with the Orb
             ... and 5 runes on May 20, 2023!
             The game lasted 06:16:52 (78976 turns).

jfcaron the Conqueror (Minotaur Fighter)           Turns: 78976, Time: 06:16:52

Health: 273/273    AC: 45    Str: 34    XL:     27
Magic:  33/34      EV: 15    Int:  4    God:    Yredelemnul [......]
Gold:   4355       SH: 32    Dex: 13    Spells: 23/26 levels left

rFire   + + +      SeeInvis .   b - +8 broad axe (vorpal)
rCold   + . .      Faith    .   J - +8 tower shield {AC+3}
rNeg    + + +      Spirit   .   n - +9 scales of the Dragon King {rPois rF+ rC+ Will+}
rPois   +          Reflect  .   X - +1 hat of the Evening Star {rElec rPois rF+++ Int-3}
rElec   +          Harm     .   z - +4 dragonskin cloak
rCorr   .          Rampage  .   S - +1 pair of gloves "Pegymoin" {Drain rN++ Str+6}
Will    +++++      Clarity  +   A - +0 pair of boots of the Ancient Thickets {Slay+2}
Stlth   ..........              I - amulet of the Four Winds {rN+ Will+++ Clar}
HPRegen 0.55/turn               V - +4 ring of slaying
MPRegen 0.24/turn               Z - +4 ring of slaying

@: studying 3 skills
A: horns 2, retaliatory headbutt, berserk 1, deformed body, weak 1
0: Orb of Zot
}: 5/15 runes: barnacled, slimy, silver, abyssal, gossamer
a: Renounce Religion, Recall Undead Harvest


You escaped.
You worshipped Yredelemnul.
Yredelemnul was most pleased with you.
You visited 11 branches of the dungeon, and saw 55 of its levels.
You visited the Abyss 2 times.
You visited 2 bazaars.
You also visited: Volcano, Wizlab and Desolation.

You collected 11630 gold pieces.
You spent 7275 gold pieces at shops.

Inventory:

Hand Weapons
 a - a +9 broad axe of draining
 b - a +8 vorpal broad axe (weapon)
Missiles
 q - 14 silver javelins {!f}
 E - a throwing net {!f}
 K - 13 javelins {!f}
 R - 10 curare-tipped darts {!f}
Armour
 n - the +9 scales of the Dragon King (worn) {rPois rF+ rC+ Will+}
   (You found it on level 3 of the Elven Halls)

   rF:        It protects you from fire.
   rC:        It protects you from cold.
   rPois:     It protects you from poison.
   Will:      It increases your willpower.
 z - the +4 dragonskin cloak (worn)
   (You took it off Tiamat on level 2 of the Realm of Zot)

   It grants the wearer a chance to resist fire, cold, poison, electricity,
   acid, and negative energy.
 A - the +0 pair of boots of the Ancient Thickets (worn) {Slay+2}
   (You found it on level 1 of the Spider Nest)

   Slay:      It affects your accuracy & damage with ranged weapons and melee
   (+2).
 J - a +8 tower shield of protection (worn)
 S - the +1 pair of gloves "Pegymoin" (worn) {Drain rN++ Str+6}
   (You acquired it on level 5 of the Realm of Zot)

   Str:       It affects your strength (+6).
   rN:        It greatly protects you from negative energy.
   Drain:     It drains your maximum health when unequipped.
 X - the +1 hat of the Evening Star (worn) {rElec rPois rF+++ Int-3}
   (You found it on level 4 of the Spider Nest)

   Int:       It affects your intelligence (-3).
   rF:        It renders you almost immune to fire.
   rElec:     It insulates you from electricity.
   rPois:     It protects you from poison.
Jewellery
 I - the amulet of the Four Winds (around neck) {rN+ Will+++ Clar}
   (You found it on level 4 of the Shoals)

   [amulet of nothing]

   rN:        It protects you from negative energy.
   Clar:      It protects you against confusion.
   Will:      It greatly increases your willpower.
 T - a ring of see invisible
 V - a +4 ring of slaying (left hand)
 Z - a +4 ring of slaying (right hand)
Wands
 i - a wand of iceblast (1)
 m - a wand of quicksilver (15)
 H - a wand of mindburst (25)
 L - a wand of flame (2) (quivered)
 Y - a wand of charming (20)
Scrolls
 e - 10 scrolls of fear
 f - 8 scrolls of torment
 g - 8 scrolls of fog
 k - 11 scrolls of vulnerability
 t - 4 scrolls of magic mapping
 w - a scroll of silence
 x - 2 scrolls of enchant armour
 D - 8 scrolls of teleportation
 M - 13 scrolls of poison
 P - 10 scrolls of blinking
 U - 6 scrolls of immolation
Potions
 d - 6 potions of might
 h - 28 potions of curing
 j - 9 potions of mutation
 l - 11 potions of attraction
 o - 19 potions of heal wounds
 u - 8 potions of lignification
 v - 4 potions of haste
 B - 5 potions of ambrosia
 C - 10 potions of cancellation
 F - 4 potions of invisibility
 G - 6 potions of berserk rage
 O - 5 potions of magic
 W - 5 potions of resistance
Miscellaneous
 c - a lightning rod (4/4)
 p - a tin of tremorstones (1/2)
 s - a phantom mirror (inert)
 y - a phial of floods
 N - a box of beasts (inert)
 Q - a condenser vane


   Skills:
 O Level 27 Fighting
 + Level 24.2 Axes
 + Level 15.3 Throwing
 O Level 27 Armour
 + Level 19.1 Dodging
 + Level 25.7 Shields
 + Level 17.1 Invocations
 + Level 16.4 Evocations


You had 23 spell levels left.
You knew the following spells:

 Your Spells              Type           Power      Damage    Failure   Level
a - Passwall              Tmut/Erth      0%         N/A       99%         2
b - Apportation           Tloc           0%         N/A       96%         1

Your spell library contained the following spells:

 Spells                   Type           Power      Damage    Failure   Level
 Beastly Appendage        Tmut           0%         N/A       96%         1
 Freeze                   Ice            0%         1d3       96%         1
 Magic Dart               Conj           0%         1d3       96%         1
 Necrotise                Necr           0%         1d4       96%         1
 Sandblast                Erth           0%         2d4       96%         1
 Slow                     Hex            0%         N/A       96%         1
 Summon Small Mammal      Summ           0%         N/A       96%         1
 Ensorcelled Hibernation  Hex/Ice        0%         N/A       99%         2
 Poisonous Vapours        Pois/Air       0%         N/A       99%         2
 Scorch                   Fire           0%         2d5       99%         2
 Searing Ray              Conj           0%         2d4       99%         2
 Sublimation of Blood     Necr           0%         N/A       99%         2
 Wereblood                Tmut           0%         N/A       99%         2
 Call Canine Familiar     Summ           0%         N/A       100%        3
 Confusing Touch          Hex            0%         N/A       100%        3
 Conjure Flame            Conj/Fire      0%         6-21      100%        3
 Dazzling Flash           Conj/Hex       0%         N/A       100%        3
 Frozen Ramparts          Ice            0%         1d1       100%        3
 Ignite Poison            Fire/Tmut/Pois 0%         N/A       100%        3
 Inner Flame              Hex/Fire       0%         N/A       100%        3
 Mephitic Cloud           Conj/Pois/Air  0%         N/A       100%        3
 Ozocubu's Armour         Ice            0%         N/A       100%        3
 Portal Projectile        Hex/Tloc       0%         N/A       100%        3
 Spider Form              Tmut/Pois      0%         N/A       100%        3
 Stone Arrow              Conj/Erth      0%         3d7       100%        3
 Summon Guardian Golem    Hex/Summ       0%         N/A       100%        3
 Swiftness                Air            0%         N/A       100%        3
 Tukima's Dance           Hex            0%         N/A       100%        3
 Vampiric Draining        Necr           0%         2d6       100%        3
 Airstrike                Air            0%         2d(0-16)  100%        4
 Anguish                  Hex/Necr       0%         N/A       100%        4
 Animate Armour           Summ/Erth      0%         N/A       100%        4
 Cause Fear               Hex            0%         N/A       100%        4
 Corpse Rot               Necr/Pois/Air  0%         N/A       100%        4
 Dispel Undead            Necr           0%         3d6       100%        4
 Flame Wave               Conj/Fire      0%         2d4       100%        4
 Fulminant Prism          Conj/Hex       0%         3d6       100%        4
 Hailstorm                Conj/Ice       0%         3d3       100%        4
 Ice Form                 Ice/Tmut       0%         N/A       100%        4
 Iskenderun's Mystic Bla  Conj/Tloc      0%         2d3       100%        4
 Leda's Liquefaction      Hex/Erth       0%         N/A       100%        4
 Passage of Golubria      Tloc           0%         N/A       100%        4
 Petrify                  Tmut/Erth      0%         N/A       100%        4
 Sticky Flame             Conj/Fire      0%         2d3       100%        4
 Summon Ice Beast         Ice/Summ       0%         N/A       100%        4
 Summon Lightning Spire   Summ/Air       0%         N/A       100%        4
 Agony                    Necr           0%         N/A       100%        5
 Alistair's Intoxication  Tmut/Pois      0%         N/A       100%        5
 Blade Hands              Tmut           0%         N/A       100%        5
 Borgnjor's Vile Clutch   Necr/Erth      0%         N/A       100%        5
 Fireball                 Conj/Fire      0%         3d3       100%        5
 Freezing Cloud           Conj/Ice/Air   0%         6-21      100%        5
 Irradiate                Conj/Tmut      0%         3d11      100%        5
 Iskenderun's Battlesphe  Conj           0%         2d6       100%        5
 Lee's Rapid Deconstruct  Erth           0%         3d5*      100%        5
 Lightning Bolt           Conj/Air       0%         1d11      100%        5
 Silence                  Hex/Air        0%         N/A       100%        5
 Yara's Violent Unravell  Hex/Tmut       0%         3d3       100%        5
 Conjure Ball Lightning   Conj/Air       0%         3x3d6     100%        6
 Eringya's Noxious Bog    Tmut/Pois      0%         N/A       100%        6
 Iron Shot                Conj/Erth      0%         9d1       100%        6
 Statue Form              Tmut/Erth      0%         N/A       100%        6
 Summon Cactus Giant      Summ           0%         N/A       100%        6
 Enfeeble                 Hex            0%         N/A       100%        7
 Haunt                    Necr/Summ      0%         N/A       100%        7
 Malign Gateway           Summ/Tloc      0%         N/A       100%        7
 Monstrous Menagerie      Summ           0%         N/A       100%        7
 Orb of Destruction       Conj           0%         9d5       100%        7
 Ozocubu's Refrigeration  Ice            0%         4d7       100%        7
 Spellforged Servitor     Conj/Summ      0%         N/A       100%        7
 Summon Hydra             Summ           0%         N/A       100%        7
 Borgnjor's Revivificati  Necr           0%         N/A       100%        8
 Discord                  Hex            0%         N/A       100%        8
 Infestation              Necr           0%         N/A       100%        8
 Lehudib's Crystal Spear  Conj/Erth      0%         10d2      100%        8
 Necromutation            Tmut/Necr      0%         N/A       100%        8
 Chain Lightning          Conj/Air       0%         N/A       100%        9
 Death's Door             Necr           0%         N/A       100%        9
 Dragon's Call            Summ           0%         N/A       100%        9
 Fire Storm               Conj/Fire      0%         5d1       100%        9
 Shatter                  Erth           0%         3d5*      100%        9
 Animate Dead             Necr           Unusable   N/A       N/A         4
 Death Channel            Necr           Unusable   N/A       N/A         6
 Simulacrum               Ice/Necr       Unusable   N/A       N/A         6

Dungeon Overview and Level Annotations

Branches:
Dungeon (15/15)            Temple (0/1) D:7            Lair (5/5) D:9
 Shoals (4/4) Lair:2       Spider (4/4) Lair:2        Slime (5/5) Lair:4
    Orc (2/2) D:11            Elf (3/3) Orc:2        Vaults (5/5) D:14
  Crypt (3/3) Vaults:3       Tomb (0/3) Crypt:3      Depths (4/4) D:15
    Zot (5/5) Depths:4    Volcano (visited)          WizLab (visited)
Desolation (visited)

Altars:
Ashenzari
Cheibriados
Gozag
Kikubaaqudgha
Makhleb
Sif Muna
Uskayaw
Vehumet
Xom
Yredelemnul
The Shining One
Jiyva

Shops:
D:9 (   D:10 [   D:14 [*(   Orc:2 =?(   Elf:2 =::?   Elf:3 !=**   Shoals:2 (
Vaults:4 !   Depths:1 :   Depths:4 (

Portals:
Hell: Depths:1 Depths:2 Depths:3 Depths:4
Abyss: Depths:3 Depths:4
Pandemonium: Depths:2
Ziggurat: Depths:2


Innate Abilities, Weirdness & Mutations

You have a pair of horns on your head.
You reflexively headbutt those who attack you in melee.
You sometimes lose your temper in combat.
Armour fits poorly on your strangely shaped body.
You are weak. (Str -2)


Message History

There is a stone staircase leading up here.
Tobat gestures at you. The bolt of energy misses you.
You climb upwards.
There is a stone staircase leading down here.
(D) Dungeon (T) Temple (L) Lair (A) Shoals (N) Spider Nest (M) Slime Pits (O) Orcish Mines (E) Elven Halls (V) Vaults (C) Crypt (W) Tomb (U) Depths (H) Hell (Z) Zot
Where to? (Enter - D:1, ? - help)
What level of the Dungeon? (default 1, ? - help)
There is a fountain of sparkling water here.
There is an open door here.
There is a stone staircase leading up here.
You climb upwards.
There is a stone staircase leading down here.
There is a stone staircase leading up here.
You climb upwards.
There is a stone staircase leading down here.
You see here 8 stones.
There is a stone staircase leading up here.
You climb upwards.
There is a stone staircase leading down here.
You see here a +0 dagger.
There is an open door here.
There is a staircase leading out of the dungeon here.
As you read the scroll of summoning, it crumbles to dust.
Wisps of shadow whirl around you...
Nothing appears to have answered your call.
You open the lid... ...and an elder oxbat beast flies out!
The box is emptied!
Aiming: Phantom Mirror
Press: ? - help, Dir - move target, f - you Sorry, you can't target yourself.
Okay, then.
Aiming: Phantom Mirror
Press: ? - help, Dir - move target, f - elder oxbat beast
Aim: an elder oxbat beast (summoned, friendly)
You reflect your elder oxbat beast with the mirror!
The mirror clouds!
You have escaped!

#.##.###..######).# ####
#####.#.## ##......#..#######
#......#####...###.#.........
#.#####...##...# #.#.########
##.# #..#.##...###.#.#
#..####...#######.....#
#.........#...(.###.###
#..##.##..#..rS.###.#
#..#...#..+..@H.'...#
#...._....#...H.###.#
##.#...#..#.....# #.#
#[##.##..####### #.####
#.............# #....#
######........# ####.#
##.......# #.# #..###..# #.#
#..###..#######.#


You could see 2 friendly mutant beasts, a friendly ball python (summoned) and a
friendly rat (summoned).

Vanquished Creatures
  the Royal Jelly (Slime:5)
  3 dread liches
  6 orbs of fire
  6 ancient liches
  Tiamat (Zot:2)
  The ghost of Sofait the Black Belt, a legendary GnFE of Okawaru (Zot:4)
  A juggernaut (Depths:2)
  The ghost of Muataran the Slayer, a veteran MiMo of Yredelemnul (Zot:4)
  Josephina (Zot:3)
  5 Killer Klowns
  Bai Suzhen (Spider:3)
  2 curse toes
  A caustic shrike (Depths:4)
  8 golden dragons
  Nikola (Vaults:2)
  3 bone dragons
  Jory (Vaults:2)
  Arachne (Spider:3)
  A Tzitzimitl (Zot:1)
  An electric golem (Zot:5)
  13 tentacled monstrosities
  A Hell Sentinel (Zot:1)
  A walking crystal tome (Depths:2)
  4 liches
  A deep elf master archer (Elf:3)
  A deep elf blademaster (Elf:3)
  2 walking divine tomes
  3 walking earthen tomes
  20 Orb Guardians
  A walking frostbound tome (Depths:3)
  4 titans
  6 quicksilver dragons
  7 sphinxes
  A kraken (Abyss:3)
  7 acid blobs
  8 death cobs
  Agnes (D:15)
  6 ancient champions
  2 tentacled starspawn (Abyss:4)
  Donald (Shoals:2)
  5 tengu reavers
  3 shadow dragons
  4 draconian monks
  A revenant (Crypt:2)
  14 fire giants
  6 rockslimes
  7 storm dragons
  3 draconian knights
  2 azure jellies (Slime:5)
  6 draconian scorchers
  An iron dragon (Depths:3)
  7 deep elf sorcerers
  10 vault wardens
  12 frost giants
  An orc warlord (Orc:1)
  4 emperor scorpions
  3 imperial myrmidons (Desolation)
  A juggernaut zombie (Crypt:1)
  A balrug (Depths:3)
  Louise (Shoals:3)
  5 ghost moths
  3 deep elf elementalists (Elf:3)
  7 draconian annihilators
  Aizul (Elf:3)
  3 draconian stormcallers
  2 caustic shrike skeletons (Crypt:3)
  A curse skull (Vaults:3)
  2 war gargoyles (Vaults:5)
  13 ironbound preservers
  6 broodmothers
  2 draconian shifters
  8 quicksilver oozes
  5 ironbound thunderhulks
  13 very ugly things
  5 spriggan defenders
  12 stone giants
  A stone giant (shapeshifter) (Depths:3)
  3 vampire knights
  A grey draconian (Depths:4)
  18 green draconians
  10 yellow draconians
  7 deep elf annihilators
  9 black draconians
  10 red draconians
  5 entropy weavers
  11 spark wasps
  4 deep elf demonologists
  9 purple draconians
  13 white draconians
  2 halazid warlocks (Desolation)
  7 spectral humans
  The ghost of bmack86 the Protected, a journeyman MiFi of Okawaru (D:12)
  An eidolon (Crypt:1)
  A dire elephant (Vaults:1)
  A quicksilver dragon zombie (Crypt:2)
  A mummy priest (Crypt:3)
  7 merfolk javelineers (Shoals:4)
  A crystal guardian (Desolation)
  3 deep elf high priests
  15 ettins
  6 merfolk impalers
  8 great orbs of eyes
  4 deep elf death magi (Elf:3)
  A great orb of eyes (shapeshifter) (Elf:3)
  2 ragged hierophants (Desolation)
  9 fire dragons
  7 servants of whispers (Desolation)
  Erolcha (Orc:2)
  6 ice dragons
  Fannar (D:12)
  A salamander tyrant (Depths:3)
  29 vault guards
  A caustic shrike simulacrum (Crypt:3)
  6 yaktaur captains
  4 catoblepae
  7 peacekeepers
  7 two-headed ogres
  4 boulder beetles
  12 ironbound frosthearts
  9 spriggan air magi
  5 hydras
  A fenstrider witch skeleton (Crypt:3)
  3 rakshasas
  A ghost crab (Abyss:3)
  A hell beast (D:14)
  3 deep troll shamans
  3 merfolk aquamancers
  6 death yaks
  An alligator (shapeshifter) (Vaults:3)
  18 centaur warriors
  24 dancing weapons
  6 ogre magi
  A radroach (Spider:4)
  3 merfolk avatars
  6 hell hogs (Depths:2)
  An alligator snapping turtle (Shoals:4)
  3 deep troll earth magi
  2 vampire magi
  Urug (D:12)
  6 thrashing horrors
  10 spriggan berserkers
  3 tengu warriors
  A shock serpent (shapeshifter) (Elf:2)
  A spectral balrug (Depths:3)
  10 hell knights
  A sun demon (Depths:3)
  19 deep elf knights
  A fire crab (Abyss:3)
  2 iron trolls
  4 soul eaters (Depths:3)
  4 pharaoh ants (Spider:3)
  2 wretched stars (Abyss:4)
  A shadow wraith (Crypt:3)
  36 deep trolls
  18 skeletal warriors
  A spriggan rider (Depths:1)
  8 steelbarb worms
  A sea snake (shapeshifter) (Depths:3)
  6 sea snakes
  4 orb spiders
  A steelbarb worm (shapeshifter) (Elf:3)
  3 sun moths
  4 glowing orange brains
  An entropy weaver zombie (Spider:4)
  A deep troll (shapeshifter) (Depths:3)
  6 wizards
  A shadow demon (D:5)
  4 flayed ghosts
  2 orange crystal statues
  7 deep elf archers
  11 phantasmal warriors
  A bunyip skeleton (Crypt:3)
  7 necromancers
  A sphinx zombie (Depths:3)
  5 orc knights
  7 lindwurms (Vaults:1)
  15 harpies
  10 ironbound convokers
  2 swamp dragons (Depths:4)
  13 deep elf zephyrmancers
  2 wolf spider zombies (Spider:4)
  4 fauns
  A frost giant zombie (Depths:3)
  An ugly thing zombie (Vaults:3)
  16 wolf spiders
  8 manticores
  A draconian zombie (Zot:3)
  7 orc sorcerers (Orc:2)
  A broodmother zombie (Spider:4)
  32 ugly things
  A shining eye (Slime:4)
  27 deep elf pyromancers
  A salamander (shapeshifter) (Vaults:5)
  4 cyclopes
  A salamander (Depths:3)
  A jorogumo skeleton (Crypt:1)
  27 moths of wrath
  5 elephants (Lair:3)
  Maurice (D:9)
  2 guardian serpents (Desolation)
  A black mamba (shapeshifter) (D:14)
  A torpor snail (Spider:4)
  8 water nymphs
  7 black mambas
  3 merfolk sirens
  A torpor snail (shapeshifter) (Depths:3)
  18 vault sentinels
  An orange demon (Lair:3)
  A smoke demon (Depths:2)
  2 molten gargoyles (Desolation)
  14 cane toads
  An eye of devastation (Slime:1)
  A storm dragon simulacrum (Zot:3)
  2 centaur zombies (Crypt:3)
  A spectral soul eater (Depths:3)
  An unseen horror (shapeshifter) (D:15)
  A hellion (Zot:1)
  A spectral sun demon (Depths:3)
  6 komodo dragons
  3 rime drakes
  9 unseen horrors
  2 green draconian zombies
  A yellow draconian zombie (Zot:3)
  A freezing wraith (Crypt:1)
  20 yaktaurs
  2 unseen horror zombies (D:12)
  2 black draconian zombies (Zot:4)
  An ice devil (Zot:1)
  A white draconian zombie (Zot:4)
  3 redback zombies
  5 kobold demonologists (D:9)
  A golden dragon simulacrum (Depths:1)
  7 guardian mummies (Crypt:3)
  5 tengu conjurers
  A black draconian skeleton (Crypt:1)
  7 trolls
  2 harpy zombies (Shoals:1)
  A merfolk (shapeshifter) (Depths:3)
  An unseen horror skeleton (Crypt:3)
  A hellwing (Depths:2)
  2 iron troll skeletons
  6 polar bears
  14 merfolk
  A queen bee (D:10)
  7 wind drakes
  4 hornets
  A meliai (Spider:4)
  A meliai (shapeshifter) (Elf:2)
  16 tarantellas
  A hydra skeleton (Crypt:3)
  48 saltlings (Desolation)
  6 raiju
  3 large abominations (Abyss:4)
  A jumping spider zombie (Spider:3)
  4 spectral elves (Elf:3)
  2 spriggan zombies (Depths:1)
  A tarantella zombie (Spider:3)
  A slime creature (shapeshifter) (Elf:1)
  3 dream sheep
  15 blink frogs
  A fire dragon zombie (Depths:3)
  A meliai zombie (Elf:2)
  5 snapping turtles
  37 slime creatures
  2 stone giant simulacra (Depths:1)
  9 jumping spiders
  A centaur simulacrum (D:15)
  12 culicivoras
  2 vampires
  12 water elementals
  6 air elementals
  A fire dragon skeleton (Crypt:3)
  2 spriggans (Depths:1)
  A wind drake zombie (Shoals:4)
  8 wyverns
  A naga simulacrum (Crypt:3)
  5 wraiths
  32 yaks
  A flying skull (Crypt:3)
  2 ynoxinuls
  3 fire elementals
  The ghost of nalyd1 the Covered, an amateur MeFi (D:3)
  2 hogs (D:15)
  A steam dragon (D:4)
  2 basilisks
  52 redbacks
  A yellow draconian simulacrum (Zot:3)
  2 chaos spawn
  A purple draconian simulacrum (Zot:3)
  A water nymph zombie (Shoals:4)
  An elf skeleton (Vaults:2)
  A black draconian simulacrum (Zot:3)
  A golden eye (Slime:5)
  A glowing shapeshifter zombie (Vaults:2)
  3 wargs (Orc:1)
  10 vampire mosquitoes
  11 elf zombies
  18 water moccasins
  A merfolk zombie (Shoals:4)
  Duvessa (D:5)
  2 acid dragons
  7 hell hounds
  A hydra simulacrum (Crypt:3)
  2 floating eyes
  8 orc warriors
  A sky beast (D:6)
  A deep troll simulacrum (Vaults:2)
  A moth of wrath simulacrum (Zot:3)
  A blink frog zombie (Crypt:1)
  3 ice beasts
  2 manticore zombies
  6 black bears
  An ettin simulacrum (Depths:1)
  9 boggarts
  A swamp dragon zombie (Crypt:3)
  10 centaurs
  19 ogres
  4 wolves
  A phantom (D:6)
  A rime drake zombie (Crypt:1)
  A human zombie (Vaults:2)
  A yaktaur zombie (Crypt:3)
  4 kobold brigands
  11 bullfrogs
  2 necrophages
  2 earth elementals
  3 scorpions
  Dowan (D:5)
  9 wights
  A raiju zombie (Crypt:3)
  32 killer bees
  4 electric eels
  5 howler monkeys
  5 jellies
  A quasit (Abyss:3)
  A hound (D:3)
  8 orc priests
  2 gnoll boudas
  6 small abominations
  24 orc wizards
  A howler monkey zombie (D:7)
  A killer bee simulacrum (D:7)
  4 gnolls
  4 adders
  3 hound simulacra (D:3)
  A shadow imp (D:5)
  A howler monkey simulacrum (D:3)
  A lava snake zombie (Crypt:3)
  A lava snake skeleton (Crypt:3)
  3 worms
  An adder simulacrum (D:3)
  51 orcs
  2 endoplasms
  4 giant cockroaches (D:4)
  4 goblins
  6 hobgoblins
  An iguana (D:7)
  2 quokkas
  7 ball pythons
  3 bats
  3 frilled lizards
  A hobgoblin zombie (Crypt:1)
  20 kobolds
  A kobold skeleton (Crypt:2)
  An orc skeleton (Crypt:1)
  An orc zombie (Orc:2)
  5 rats
  A pillar of salt (Desolation)
  A plant (Shoals:3)
  2 starspawn tentacles (Abyss:4)
  A tentacle (Abyss:3)
1936 creatures vanquished.

Vanquished Creatures (collateral kills)
  A dread lich (Crypt:3)
  An ancient lich (Vaults:5)
  Mennas (Vaults:3)
  A juggernaut (Depths:3)
  3 Killer Klowns
  Frederick (Depths:3)
  A curse toe (Zot:1)
  A caustic shrike (Depths:4)
  7 golden dragons
  the Enchantress (Depths:1)
  An electric golem (Zot:5)
  Rupert (D:13)
  A hellephant (Depths:2)
  Jorgrun (Shoals:3)
  7 tentacled monstrosities
  5 Orb Guardians (Zot:5)
  3 liches
  A deep elf blademaster (Elf:2)
  A walking frostbound tome (Depths:3)
  A walking divine tome (Depths:3)
  5 titans
  A quicksilver dragon (Depths:4)
  The ghost of Oseiwk the Crack Shot, an adept MiHu of Okawaru (Depths:1)
  2 ancient champions
  2 death cobs
  A sphinx (Vaults:4)
  Polyphemus (Shoals:2)
  2 acid blobs (Slime:5)
  5 storm dragons
  4 tengu reavers
  Kirke (D:15)
  3 shadow dragons
  A revenant (Crypt:3)
  3 draconian monks
  3 rockslimes (Slime:5)
  Roxanne (Shoals:3)
  A draconian knight (Zot:3)
  Ilsuiw (Shoals:3)
  An azure jelly (Slime:5)
  A deep elf sorcerer (Vaults:5)
  5 frost giants
  An emperor scorpion (Spider:4)
  2 iron dragons (Depths:3)
  7 fire giants
  3 vault wardens
  A shard shrike simulacrum (Crypt:3)
  A draconian stormcaller (Zot:2)
  A reaper (Crypt:2)
  4 ironbound preservers
  A war gargoyle (Vaults:5)
  4 very ugly things
  2 draconian annihilators
  3 stone giants
  2 quicksilver oozes (Slime:5)
  An ironbound thunderhulk (Vaults:4)
  A juggernaut skeleton (Crypt:3)
  2 broodmothers
  4 vampire knights
  5 green draconians
  5 white draconians
  A grey draconian (Depths:4)
  Nessos (D:12)
  2 black draconians (Zot:4)
  6 entropy weavers
  3 spark wasps
  4 purple draconians
  4 red draconians
  3 yellow draconians
  5 ettins
  A crystal guardian (Vaults:2)
  3 jiangshi
  An eidolon (Crypt:3)
  A fire dragon (D:15)
  3 great orbs of eyes
  6 merfolk impalers
  A shambling mangrove (Abyss:3)
  A hydra (D:14)
  2 yaktaur captains
  3 servants of whispers (Desolation)
  2 boulder beetles
  6 ice dragons
  3 vault guards
  5 centaur warriors
  2 rakshasas (Depths:3)
  2 ogre magi
  A merfolk avatar (Shoals:3)
  2 spriggan air magi (Depths:3)
  3 two-headed ogres
  2 ironbound frosthearts
  A satyr (Shoals:3)
  3 merfolk aquamancers
  An alligator snapping turtle (Shoals:2)
  A demigod zombie (Depths:3)
  7 hell hogs
  2 thrashing horrors (Abyss:4)
  A deep troll shaman (Depths:3)
  3 deep troll earth magi
  3 vampire magi
  3 death yaks
  12 dancing weapons
  2 spriggan berserkers (Depths:3)
  3 sun demons
  5 hell knights
  5 soul eaters
  3 tengu warriors
  An iron troll (Depths:2)
  3 deep elf knights
  A salamander mystic (Depths:3)
  2 pharaoh ants
  6 skeletal warriors
  Lodul (D:13)
  2 flayed ghosts
  13 deep trolls
  A sun moth (Spider:2)
  A sixfirhy (Zot:1)
  3 steelbarb worms
  8 orb spiders
  A sea snake (Shoals:4)
  A swamp dragon (Depths:4)
  2 glowing orange brains
  2 spectral humans (Vaults:5)
  A lindwurm (Vaults:2)
  3 ironbound convokers
  5 phantasmal warriors
  6 deep elf archers
  14 harpies
  2 orc knights
  A large abomination (Abyss:4)
  A mana viper (shapeshifter) (Vaults:5)
  5 deep elf zephyrmancers
  4 necromancers
  A wizard (Vaults:4)
  7 ugly things
  A fire giant zombie (Depths:3)
  5 deep elf pyromancers
  An orc sorcerer (Orc:2)
  5 wolf spiders
  7 fauns
  A spectral elf (Elf:3)
  A cyclops (Shoals:3)
  3 manticores
  A salamander (Depths:3)
  7 moths of wrath
  A faun (shapeshifter) (Depths:4)
  A shining eye (Slime:5)
  5 vault sentinels
  7 merfolk sirens
  An elephant (Lair:3)
  A centaur zombie (Crypt:3)
  A guardian serpent (Lair:5)
  7 water nymphs
  2 cane toads
  An apocalypse crab (Abyss:3)
  3 torpor snails
  A purple draconian zombie (Zot:4)
  A white draconian zombie (Zot:4)
  2 guardian mummies (Crypt:3)
  2 unseen horrors
  6 yaktaurs
  A demonic crawler (Spider:2)
  A redback zombie (Spider:2)
  A komodo dragon (Lair:3)
  A green draconian skeleton (Crypt:3)
  A red devil (Depths:2)
  4 trolls
  A harpy zombie (Shoals:1)
  A sea snake skeleton (Crypt:2)
  A tengu simulacrum (Depths:1)
  3 wind drakes (Shoals:4)
  A hornet (Lair:5)
  An iron troll skeleton (Crypt:2)
  5 saltlings (Desolation)
  13 tarantellas
  11 merfolk
  14 slime creatures
  3 snapping turtles
  A satyr zombie (Crypt:2)
  3 dream sheep
  6 blink frogs
  An air elemental (Shoals:4)
  2 ettin skeletons
  A centaur simulacrum (D:12)
  19 water elementals
  4 culicivoras
  20 jumping spiders
  2 yaks (D:10)
  2 wyverns (Lair:5)
  2 elf zombies
  2 hogs (D:15)
  A fire elemental (Elf:3)
  2 wargs
  8 vampire mosquitoes
  28 redbacks
  A human zombie (Depths:1)
  2 water moccasins (Lair:5)
  An acid dragon (D:12)
  A hell hound (Abyss:4)
  A two-headed ogre skeleton (Crypt:1)
  A floating eye (Depths:2)
  A black bear (Lair:1)
  A manticore zombie (Shoals:1)
  A snapping turtle zombie (Crypt:2)
  An ice beast (D:5)
  3 orc warriors
  A boggart (Vaults:3)
  An ogre (Orc:1)
  A centaur (D:12)
  A kobold brigand (D:9)
  A wyvern zombie (Crypt:2)
  3 bullfrogs
  2 earth elementals
  A necrophage (D:7)
  A water moccasin zombie (D:7)
  3 wights
  A tengu zombie (Depths:3)
  A spriggan zombie (Crypt:3)
  4 killer bees
  2 orc priests
  5 orc wizards
  A boggart skeleton (Crypt:2)
  A spectral howler monkey (D:7)
  2 gnolls (Orc:1)
  An adder (D:4)
  9 orcs
  An endoplasm (shapeshifter) (Vaults:5)
  2 kobolds
  A goblin (D:4)
  A quokka zombie (Crypt:2)
  A bush (Lair:3)
  A plant (Shoals:3)
671 creatures vanquished.

Vanquished Creatures (others)
  2 caustic shrikes
  A spectral Killer Klown (Depths:1)
  A frost giant (Depths:2)
  A draconian knight (Zot:2)
  A spectral tentacled monstrosity (Abyss:3)
  A caustic shrike zombie (Depths:4)
  2 spectral draconians
  A Killer Klown zombie (Zot:4)
  A black draconian (Zot:2)
  A spectral orc (Depths:4)
  A spark wasp (Depths:4)
  A blizzard demon (Depths:2)
  An ettin (Depths:3)
  2 very ugly thing zombies
  2 quicksilver dragon zombies
  6 spriggan zombies (Depths:3)
  A deep elf high priest (Vaults:5)
  An ice dragon (Depths:3)
  3 Orb Guardian zombies (Zot:5)
  3 hell hogs
  A quicksilver ooze zombie (Slime:5)
  3 storm dragon zombies
  A shadow demon (Depths:1)
  A spark wasp zombie (Depths:3)
  4 golden dragon zombies
  A wolf spider zombie (Spider:4)
  2 sphinx zombies
  4 draconian zombies
  2 deep elf zephyrmancers (Elf:1)
  2 iron dragon zombies (Depths:3)
  4 stone giant zombies
  5 fire giant zombies
  A manticore (shapeshifter) (Depths:1)
  A moth of wrath (Zot:2)
  A hell hog zombie (Depths:2)
  3 frost giant zombies (Depths:3)
  5 spectral humans
  4 spectral soul eaters
  A spectral rakshasa (Depths:3)
  3 green draconian zombies
  A spectral sun demon (Depths:3)
  A smoke demon (Abyss:3)
  A sea snake zombie (Shoals:4)
  A black draconian zombie (Zot:4)
  2 purple draconian zombies
  A white draconian zombie (Zot:4)
  2 red draconian zombies
  2 yellow draconian zombies (Zot:4)
  10 redback zombies
  A spectral glowing orange brain (Depths:2)
  A spectral elf (Elf:3)
  A meliai (shapeshifter) (D:14)
  A spectral shadow demon (Depths:1)
  6 harpy zombies
  2 spectral floating eyes
  6 moth of wrath zombies
  A saltling (Desolation)
  2 tarantella zombies (Spider:3)
  4 culicivora zombies
  A great orb of eyes zombie (Vaults:1)
  An ice dragon zombie (Depths:2)
  3 fire dragon zombies (Depths:3)
  A guardian serpent zombie (Desolation)
  A meliai zombie (Spider:4)
  6 ettin zombies
  3 jumping spider zombies
  A ynoxinul (Abyss:4)
  A culicivora (Spider:2)
  A black mamba zombie (Lair:5)
  9 elf zombies
  5 slime creature zombies
  A wind drake zombie (Shoals:4)
  5 tengu zombies
  3 salamander zombies (Depths:3)
  4 water nymph zombies (Shoals:4)
  2 deep troll zombies
  24 human zombies
  6 merfolk zombies (Shoals:4)
  A two-headed ogre zombie (Vaults:5)
  2 spectral smoke demons
  A cane toad zombie (Lair:3)
  A spectral shining eye (Slime:4)
  A dream sheep zombie (Shoals:4)
  2 snapping turtle zombies (Shoals:4)
  A lindwurm zombie (Vaults:1)
  2 manticore zombies (Shoals:4)
  2 spectral ynoxinuls
  A vampire mosquito zombie (D:13)
  A torpor snail zombie (Depths:3)
  3 yaktaur zombies
  2 wyvern zombies (Lair:5)
  A hell hound zombie (Abyss:4)
  5 water moccasin zombies (Lair:5)
  2 yak zombies (D:9)
  A warg zombie (Orc:1)
  5 centaur zombies
  A boggart zombie (Vaults:3)
  An orc wizard (Orc:2)
  10 killer bee zombies
  10 ogre zombies
  4 kobold zombies
  A jelly zombie (D:7)
  An adder zombie (D:5)
  A goblin zombie (D:4)
  A jackal zombie (D:1)
  25 orc zombies
  6 ball lightnings (Depths:1)
  85 fungi
  259 plants
  5 starspawn tentacles (Abyss:4)
  8 tentacles (Abyss:3)
  15 withered plants (D:7)
673 creatures vanquished.

Grand Total: 3280 creatures vanquished

Notes
Turn   | Place    | Note
-------+----------+-------------------------------------------
     0 | D:1      | jfcaron the Minotaur Fighter began the quest for the Orb.
     0 | D:1      | Reached XP level 1. HP: 19/19 MP: 0/0
    86 | D:1      | Found a faded altar of an unknown god.
   117 | D:1      | Prayed at the altar of an unknown god.
   117 | D:1      | Became a worshipper of Yredelemnul the Dark
   117 | D:1      | Reached * piety under Yredelemnul
   201 | D:1      | Reached XP level 2. HP: 26/27 MP: 1/1
   848 | D:2      | Reached XP level 3. HP: 33/33 MP: 2/2
  1370 | D:3      | Found a broken altar of Ashenzari.
  1429 | D:3      | Found a shimmering blue altar of Sif Muna.
  1500 | D:3      | Reached XP level 4. HP: 39/40 MP: 3/3
  1617 | D:3      | Found a runed translucent gate.
  1617 | D:3      | Found a runed translucent gate.
  1617 | D:3      | Found a runed translucent gate.
  1813 | D:3      | Noticed nalyd1's ghost (amateur MeFi)
  2381 | D:4      | Noticed a black bear
  2391 | D:4      | Killed a black bear
  2392 | D:4      | Reached skill level 1 in Invocations
  2392 | D:4      | Reached skill level 1 in Evocations
  2392 | D:4      | Reached XP level 5. HP: 32/47 MP: 3/5
  2521 | D:4      | Reached ** piety under Yredelemnul
  2607 | D:4      | Noticed a steam dragon
  2616 | D:4      | HP: 1/47 [steam dragon/ball of steam (22)]
  2617 | D:4      | Noticed an ogre
  2619 | D:4      | Killed an ogre
  2620 | D:4      | Reached skill level 5 in Axes
  2620 | D:4      | Reached XP level 6. HP: 16/55 MP: 6/6
  2620 | D:4      | Killed a steam dragon
  2621 | D:4      | Reached skill level 5 in Fighting
  2621 | D:4      | Reached skill level 5 in Armour
  2939 | D:4      | Reached *** piety under Yredelemnul
  3177 | D:4      | Found an ancient bone altar of Kikubaaqudgha.
  3315 | D:5      | Entered Level 5 of the Dungeon
  3612 | D:5      | Noticed Dowan
  3614 | D:5      | Noticed Duvessa
  3620 | D:5      | Killed Dowan
  3621 | D:5      | Reached XP level 7. HP: 46/61 MP: 7/7
  3624 | D:5      | Killed Duvessa
  3907 | D:5      | Found a snail-covered altar of Cheibriados.
  3966 | D:5      | Reached XP level 8. HP: 71/71 MP: 9/9
  4075 | D:5      | Found Ewasysusk's Magic Scroll Shoppe.
  4080 | D:5      | Bought a scroll of identify for 22 gold pieces
  4080 | D:5      | Bought a scroll of identify for 22 gold pieces
  4080 | D:5      | Bought a scroll of teleportation for 33 gold pieces
  4080 | D:5      | Bought a scroll of silence for 104 gold pieces
  4212 | D:5      | Bought a scroll of identify for 22 gold pieces
  5573 | D:7      | Found a shimmering altar of Xom.
  5758 | D:7      | Found a staircase to the Ecumenical Temple.
  5908 | D:7      | Found the +4 dagger "Morg" {pain, Will+ Int+5}
  5918 | D:7      | Reached XP level 9. HP: 29/71 MP: 11/11
  6508 | D:8      | Reached skill level 5 in Invocations
  6516 | D:8      | Reached skill level 10 in Axes
  6518 | D:8      | Reached skill level 5 in Evocations
  6862 | D:8      | Found a radiant altar of Vehumet.
  6869 | D:8      | Reached **** piety under Yredelemnul
  7172 | D:3      | Killed nalyd1's ghost
  7173 | D:3      | Reached XP level 10. HP: 67/86 MP: 12/12
  7326 | D:5      | Bought a scroll of fog for 44 gold pieces
  7326 | D:5      | Bought a scroll of fog for 44 gold pieces
  7326 | D:5      | Bought a scroll of silence for 104 gold pieces
  7326 | D:5      | Bought a scroll of enchant armour for 82 gold pieces
  7522 | D:9      | Noticed Maurice
  7722 | D:9      | Killed Maurice
  7998 | D:9      | Identified the +3 trident of the Scorned {protect, rC- rN++
                  | Will+}
  8363 | D:9      | Reached skill level 15 in Axes
  8501 | D:9      | Noticed a rust devil
  8507 | D:9      | Noticed a smoke demon
  8521 | D:9      | Noticed a smoke demon
  8636 | D:9      | Noticed an orange demon
  8642 | D:9      | Reached XP level 11. HP: 46/92 MP: 13/13
  8866 | D:9      | Found Janeuk's Antique Weapon Shoppe.
  8935 | D:9      | Reached ***** piety under Yredelemnul
  9036 | D:9      | Found a staircase to the Lair.
  9204 | D:9      | Found an opulent altar of Gozag.
  9254 | D:10     | Entered Level 10 of the Dungeon
  9338 | D:10     | Noticed a two-headed ogre
  9343 | D:10     | Killed a two-headed ogre
  9350 | D:10     | Noticed a four-headed hydra
  9362 | D:10     | Killed a four-headed hydra
  9442 | D:10     | Found Gol Qapo's Antique Armour Emporium.
  9453 | D:10     | Found a burning altar of Makhleb.
  9455 | D:10     | Found a glowing golden altar of the Shining One.
 10897 | D:11     | Noticed a two-headed ogre
 10903 | D:11     | Killed a two-headed ogre
 11014 | D:11     | Found a staircase to the Orcish Mines.
 11185 | D:10     | Bought a pair of runed gloves for 247 gold pieces
 11647 | D:11     | Noticed a seven-headed hydra
 11660 | D:11     | Killed a seven-headed hydra
 11661 | D:11     | Reached XP level 12. HP: 25/105 MP: 15/15
 12234 | Orc:1    | Entered Level 1 of the Orcish Mines
 12240 | Orc:1    | Noticed an orc warlord
 12242 | Orc:1    | Noticed an ettin
 12253 | Orc:1    | Killed an orc warlord
 12260 | Orc:1    | Killed an ettin
 12261 | Orc:1    | Reached skill level 10 in Fighting
 13061 | Orc:2    | Entered Level 2 of the Orcish Mines
 13796 | Orc:2    | Paralysed by an orc sorcerer for 5 turns
 13800 | Orc:2    | Found a staircase to the Elven Halls.
 14503 | Orc:2    | Paralysed by an orc sorcerer for 4 turns
 14510 | Orc:2    | Found Note's Jewellery Shop.
 14510 | Orc:2    | Found Fisummow's Antique Weapon Boutique.
 14510 | Orc:2    | Noticed an ogre mage
 14785 | Lair:1   | Entered Level 1 of the Lair of Beasts
 15340 | Lair:1   | Reached skill level 10 in Armour
 15859 | Lair:2   | Noticed a catoblepas
 15868 | Lair:2   | Killed a catoblepas
 16497 | Lair:2   | Found a staircase to the Shoals.
 16582 | Lair:2   | Found a hole to the Spider Nest.
 16838 | Lair:3   | Found a dark tunnel.
 16855 | Volcano  | Entered a volcano
 16871 | Volcano  | Noticed an ogre mage
 16888 | Volcano  | Paralysed by something for 2 turns
 16897 | Volcano  | Killed an ogre mage
 16898 | Volcano  | Found a burning altar of Makhleb.
 16900 | Volcano  | Noticed a two-headed ogre
 16904 | Volcano  | Killed a two-headed ogre
 16905 | Volcano  | Reached XP level 13. HP: 90/119 MP: 18/18
 17448 | Lair:3   | Reached ****** piety under Yredelemnul
 17507 | Lair:3   | Noticed Amaemon
 17519 | Lair:3   | Killed Amaemon
 17519 | Lair:3   | Enslaved Amaemon
 18853 | Lair:4   | Reached skill level 15 in Fighting
 18926 | Lair:4   | Identified the +4 trident of Egomania {venom, rF- Int+8}
 19257 | Lair:4   | Found a staircase to the Slime Pits.
 19257 | Lair:4   | Found a viscous altar of Jiyva.
 19757 | Lair:5   | Entered Level 5 of the Lair of Beasts
 20033 | Lair:5   | Reached XP level 14. HP: 132/135 MP: 20/20
 20118 | Lair:5   | Reached skill level 10 in Invocations
 20517 | Lair:5   | Reached skill level 10 in Evocations
 21237 | Lair:5   | Reached skill level 1 in Dodging
 21985 | D:5      | Bought a scroll of enchant armour for 82 gold pieces
 22328 | D:12     | Noticed Fannar
 22332 | D:12     | Killed Fannar
 22368 | D:12     | Found the +3 crown of Dyrovepreva {rElec Int+2 SInv}
 22414 | D:12     | Found a runed translucent door.
 22416 | D:12     | Noticed Nessos
 22426 | D:12     | Noticed Frances
 22435 | D:12     | Killed Frances
 22435 | D:12     | Enslaved Frances
 22443 | D:12     | Killed Nessos
 22767 | D:12     | Noticed Urug
 22772 | D:12     | Killed Urug
 23598 | D:12     | Noticed bmack86's ghost (journeyman MiFi)
 23617 | D:12     | Killed bmack86's ghost
 24010 | Orc:2    | Found a staircase to the Elven Halls.
 24407 | Orc:2    | Found an ancient bone altar of Kikubaaqudgha.
 24417 | Orc:2    | Found Geniq's Magic Scroll Shop.
 24429 | Orc:2    | Noticed Erolcha
 24433 | Orc:2    | Found a radiant altar of Vehumet.
 24446 | Orc:2    | Reached skill level 5 in Dodging
 24456 | Orc:2    | Killed Erolcha
 24466 | Orc:2    | Bought a scroll of teleportation for 30 gold pieces
 24466 | Orc:2    | Bought a scroll of identify for 20 gold pieces
 24466 | Orc:2    | Bought a scroll of teleportation for 30 gold pieces
 24637 | Orc:2    | Found Vesuhuont's Book Boutique.
 24637 | Orc:2    | Found Note's Jewellery Shop.
 24651 | Orc:2    | Found Fisummow's Antique Weapon Boutique.
 24963 | Orc:2    | Bought a scroll of fear for 40 gold pieces
 24963 | Orc:2    | Bought a scroll of fog for 40 gold pieces
 25274 | D:13     | Noticed Lodul
 25282 | D:13     | Killed Lodul
 25402 | D:13     | Reached XP level 15. HP: 147/147 MP: 21/21
 25467 | D:13     | Noticed Rupert
 25484 | D:13     | Killed Rupert
 25485 | D:13     | Reached skill level 15 in Armour
 26358 | D:14     | Found Momotu's Armour Shoppe.
 26368 | D:14     | Bought the +9 plate armour "Wiacinad" {rN+ Str+5} for 1166
                  | gold pieces
 26380 | D:14     | Bought a +2 cloak for 214 gold pieces
 26549 | Orc:2    | Bought a ring of protection from fire for 375 gold pieces
 26730 | D:14     | Found Ninlah's Assorted Antiques.
 27005 | D:14     | Found a gate to the Vaults.
 27018 | D:14     | Reached skill level 10 in Dodging
 27102 | D:14     | Found Seehesid's Weapon Emporium.
 27212 | D:14     | Bought a fizzy yellow potion for 22 gold pieces
 27212 | D:14     | Reached XP level 16. HP: 155/155 MP: 22/22
 27502 | D:15     | Entered Level 15 of the Dungeon
 27600 | D:15     | Found a staircase to the Depths.
 27670 | D:15     | Reached skill level 1 in Throwing
 27670 | D:15     | Noticed Agnes
 27677 | D:15     | Killed Agnes
 28145 | D:15     | Noticed Kirke
 28148 | D:15     | Noticed a sphinx
 28157 | D:15     | Killed Kirke
 29041 | Spider:1 | Entered Level 1 of the Spider Nest
 29323 | Spider:1 | Identified the +0 pair of boots of the Ancient Thickets
                  | {Slay+2}
 30124 | Spider:2 | Reached XP level 17. HP: 162/162 MP: 23/23
 30976 | Spider:3 | Noticed Bai Suzhen
 30993 | Spider:3 | Killed Bai Suzhen
 31262 | Spider:3 | Noticed Arachne
 31276 | Spider:3 | Killed Arachne
 31690 | Spider:3 | Reached skill level 10 in Shields
 32481 | Shoals:1 | Entered Level 1 of the Shoals
 32612 | Shoals:1 | Reached skill level 5 in Throwing
 33293 | Shoals:2 | Noticed Donald
 33396 | Shoals:2 | Killed Donald
 33903 | Shoals:2 | Noticed Polyphemus
 33915 | Shoals:2 | Killed Polyphemus
 34022 | Shoals:2 | Found Vuenosijih's Antique Weapon Boutique.
 34026 | Shoals:2 | Identified the +1 chain mail of the First Invaders {Int+2}
 34095 | Shoals:2 | Reached XP level 18. HP: 173/173 MP: 25/25
 34513 | Shoals:3 | Noticed Louise
 34521 | Abyss:3  | Found a corrupted altar of Lugonu.
 34521 | Abyss:3  | Cast into level 3 of the Abyss (Louise)
 34581 | Abyss:3  | Noticed a tentacled monstrosity
 34585 | Abyss:3  | Noticed a tentacled monstrosity
 34594 | Abyss:3  | Got an abyssal rune of Zot
 34595 | Abyss:3  | Killed a tentacled monstrosity
 34598 | Abyss:3  | Paralysed by you for 2 turns
 34603 | Abyss:3  | Killed a tentacled monstrosity
 34606 | Shoals:3 | Escaped the Abyss
 34612 | Shoals:3 | Noticed Jorgrun
 34633 | Shoals:3 | Noticed Ilsuiw
 35103 | Shoals:3 | Killed Louise
 35268 | Shoals:3 | Killed Ilsuiw
 35309 | Shoals:3 | Identified Roxanne's Catalogue of Shapeshifting
 35309 | Shoals:3 | Noticed Roxanne
 35431 | Shoals:3 | Killed Jorgrun
 35712 | Shoals:3 | Killed Roxanne
 36150 | Shoals:4 | Entered Level 4 of the Shoals
 36172 | Shoals:4 | Paralysed by an air elemental for 1 turns
 36835 | Shoals:4 | Paralysed by an air elemental for 1 turns
 37280 | Shoals:4 | Paralysed by an air elemental for 1 turns
 37484 | Shoals:4 | Paralysed by an air elemental for 1 turns
 37487 | Shoals:4 | Paralysed by an air elemental for 1 turns
 38125 | Shoals:4 | Found the amulet of the Four Winds {rN+ Will+++ Clar}
 38141 | Shoals:4 | Got a barnacled rune of Zot
 38143 | Shoals:4 | Got Oloitt's Teachings on the Lethal Wind
 38164 | Shoals:4 | Identified the ring of Leukeas {Wiz Str+5}
 38171 | Shoals:4 | Identified the +3 short sword of the Open Hand {spect,
                  | rPois MP-9 Int+3 Dex+6}
 38482 | Spider:4 | Entered Level 4 of the Spider Nest
 38562 | Spider:4 | Reached XP level 19. HP: 150/184 MP: 27/27
 39840 | Spider:4 | Got a gossamer rune of Zot
 39846 | Spider:4 | Identified the +1 hat of the Evening Star {rElec rPois
                  | rF+++ Int-3}
 40146 | Elf:1    | Entered Level 1 of the Elven Halls
 40199 | Elf:1    | Found a flickering gateway to a bazaar.
 40229 | Bazaar   | Entered a bazaar
 40266 | Bazaar   | Found Tit Kue's Magic Scroll Emporium.
 40282 | Bazaar   | Found Keaka's Jewellery Emporium.
 40298 | Bazaar   | Found Karoteto's General Store.
 40298 | Bazaar   | Found Haimamac's Weapon Emporium.
 40345 | Bazaar   | Bought a scroll of fog for 32 gold pieces
 40371 | Bazaar   | Bought a scroll of enchant weapon for 120 gold pieces
 40371 | Bazaar   | Bought a scroll of enchant armour for 120 gold pieces
 40372 | Bazaar   | Bought a scroll of magic mapping for 120 gold pieces
 40372 | Bazaar   | Bought a scroll of fear for 64 gold pieces
 40372 | Bazaar   | Bought a scroll of fear for 64 gold pieces
 41211 | Elf:1    | Reached skill level 15 in Shields
 41509 | Elf:2    | Found Usetik's Magic Scroll Shoppe.
 41511 | Abyss:3  | Cast into level 3 of the Abyss (deep elf knight)
 41525 | Abyss:3  | Found a corrupted altar of Lugonu.
 41593 | Abyss:3  | Noticed a dread lich
 41836 | Elf:2    | Escaped the Abyss
 42123 | Elf:2    | Reached XP level 20. HP: 193/193 MP: 28/28
 42134 | Elf:2    | Bought a scroll of blinking for 120 gold pieces
 42134 | Elf:2    | Bought a scroll of blinking for 120 gold pieces
 42208 | Elf:2    | Found a runed translucent gate.
 42209 | Elf:2    | Found a runed translucent gate.
 42209 | Elf:2    | Found a runed translucent gate.
 42235 | Elf:2    | Found Kacvuruq's Jewellery Boutique.
 42235 | Elf:2    | Found Cokyfao's Book Shoppe.
 42237 | Elf:2    | Found Musch's Book Shoppe.
 43360 | Elf:3    | Entered Level 3 of the Elven Halls
 43532 | Elf:3    | Found Elis's Assorted Antiques.
 43533 | Elf:3    | Found Teryaru's General Store.
 43533 | Elf:3    | Found Itsoud's Jewellery Emporium.
 43538 | Elf:3    | Bought a potion of heal wounds for 190 gold pieces
 43538 | Elf:3    | Found Bonwe's Distillery.
 43618 | Elf:3    | Found a runed translucent gate.
 43618 | Elf:3    | Found a runed translucent gate.
 43618 | Elf:3    | Found a runed translucent gate.
 44373 | Elf:3    | Identified the +7 morningstar of Cachoupp {vorpal, Drain
                  | rElec Str+4}
 44377 | Elf:3    | Noticed Aizul
 44386 | Elf:3    | Killed Aizul
 44491 | Elf:3    | Identified the +9 scimitar of Fear {vamp, rF+}
 44491 | Elf:3    | Identified the ring of Generosity {Fly rF+ rN+ EV+4 Int+4}
 44492 | Elf:3    | Found the +9 scales of the Dragon King {rPois rF+ rC+
                  | Will+}
 44500 | Elf:3    | Identified the +8 rapier of the Iron City of Dis {vamp,
                  | +Blink rCorr Stlth+}
 44511 | Elf:3    | Identified the +10 mace of Deformation {flame, Str+2 Dex+4}
 44512 | Elf:3    | Identified the amulet "Poseuf" {RegenMP rCorr Int+4}
 44530 | Elf:3    | Got the Writings on the Wind and Bewitchment
 44531 | Elf:3    | Identified the +6 sling "Brush" {freeze, rElec}
 44594 | Elf:3    | Identified the +9 rapier of Luvoco {vorpal, Fragile rPois
                  | rF- Int+5}
 45077 | Vaults:1 | Entered Level 1 of the Vaults
 45230 | Vaults:1 | Identified the +10 shortbow of Tension {vorpal, rCorr
                  | Str+7}
 45674 | Vaults:1 | Reached XP level 21. HP: 202/202 MP: 29/29
 46554 | Vaults:2 | Found a crumbling gateway.
 46565 | Desolati | Entered the Desolation of Salt
 46676 | Desolati | Identified the +2 scale mail of the Arena {rN+}
 46709 | Desolati | Got the Compilation of the Comitatus
 46711 | Desolati | Identified the +5 chain mail of the Spheres {Rampage Int+5
                  | Dex-3 Slay-5}
 46909 | Desolati | Identified the +0 ring mail of the Wumpus {rC+}
 46910 | Desolati | Identified the +4 mace of Awkwardness {venom, rPois Will+
                  | rCorr Str+4}
 47057 | Desolati | Identified the +3 morningstar of Agony {venom, rC+}
 47058 | Desolati | Identified the ring of Vehumet's Wrath {MP+9 Str+3}
 47145 | Desolati | Identified the +3 sling "Ycril" {vorpal, Int+9 SInv}
 47157 | Desolati | Got the Tome of the Wind and Profane Rituals
 47449 | Desolati | Found the +2 hood of the Assassin {Detection Stab+ Stlth++}
 47510 | Desolati | Identified the +4 long sword of Xefonopne {drain, rC+ Str+6
                  | Int+2 Stlth-}
 47520 | Desolati | Identified the +1 robe "Dutsud" {Str+7 Int+4}
 47521 | Desolati | Identified the +1 arbalest of Moderation {speed, rF+ rC-
                  | Str+2}
 47746 | Vaults:2 | Noticed Nikola
 47761 | Vaults:2 | Killed Nikola
 47942 | Vaults:2 | Noticed Jory
 47956 | Vaults:2 | Your ally Nikola died
 47966 | Vaults:2 | Killed Jory
 48530 | Elf:2    | Bought a manual of Armour for 960 gold pieces
 49721 | Vaults:3 | You are sucked into a shaft and drop 1 floor!
 49753 | Vaults:3 | Noticed Mennas
 49773 | Vaults:3 | Killed Mennas
 49774 | Vaults:3 | Reached XP level 22. HP: 154/213 MP: 28/30
 49825 | Vaults:3 | Found a flickering gateway to a bazaar.
 49839 | Bazaar   | Entered a bazaar
 49839 | Bazaar   | Found Domeedol's Antique Weapon Shop.
 49839 | Bazaar   | Found Adanoyt's General Store.
 49927 | Bazaar   | Found Joqog's Antique Armour Shop.
 49966 | Bazaar   | Bought a scroll of magic mapping for 60 gold pieces
 50280 | Vaults:3 | Found a staircase to the Crypt.
 51113 | Vaults:3 | Got the Compilation of Spelunking
 51236 | Vaults:3 | Got Simple Rites and Rhymes
 51954 | Vaults:4 | Found Zaon Had's Distillery.
 51966 | Vaults:4 | Bought a potion of heal wounds for 115 gold pieces
 51966 | Vaults:4 | Bought a potion of heal wounds for 115 gold pieces
 51966 | Vaults:4 | Bought a potion of heal wounds for 115 gold pieces
 52518 | Vaults:4 | Found a transporter.
 52531 | Vaults:4 | Found a transporter.
 53014 | Crypt:1  | Entered Level 1 of the Crypt
 54901 | Crypt:2  | Identified the +1 swamp dragon scales of Wicos {Harm Drain
                  | rPois Will+ SInv}
 54904 | Crypt:2  | Identified the ring "Eliroeg" {+Blink rF+ MP+9 Stlth+}
 54921 | Crypt:3  | Entered Level 3 of the Crypt
 55371 | Crypt:3  | Reached XP level 23. HP: 226/226 MP: 31/31
 56495 | Crypt:3  | Found a staircase to the Tomb.
 56709 | Crypt:3  | Noticed a dread lich
 56709 | Crypt:3  | Noticed an ancient lich
 56776 | Crypt:3  | Noticed a dread lich
 57127 | Crypt:3  | Identified the amulet "Nakoakh" {Acrobat *Corrode rC+ rN++
                  | Regen+}
 57497 | Crypt:3  | Killed an ancient lich
 57500 | Crypt:3  | Killed a dread lich
 57504 | Crypt:3  | Killed a dread lich
 57534 | Crypt:3  | Identified the amulet of Agnosticism {Drain rF+ rN+ Regen+}
 57534 | Crypt:3  | Identified the amulet "Peagusk" {Regen+ Slay+5}
 57534 | Crypt:3  | Identified the ring of Fragile Peace {rN+ rCorr Int+2
                  | Stlth+}
 57540 | Crypt:3  | Got Hurexki's Collected Works on the Grave
 57803 | Depths:1 | Entered Level 1 of the Depths
 57889 | Depths:1 | Found a shimmering altar of Xom.
 57951 | Depths:1 | Found Hamikyrph's One-of-a-Kind Books.
 58157 | Depths:1 | Noticed the Enchantress
 58169 | Depths:1 | Killed the Enchantress
 58419 | Depths:1 | Noticed Oseiwk's ghost (adept MiHu)
 58420 | Depths:1 | Identified the +6 great mace of Terra Nullius {freeze,
                  | *Slow rF+ rC+ Int+9}
 58421 | Depths:1 | Found a transporter.
 58501 | Depths:1 | Found a gateway to Hell.
 58799 | Depths:1 | Found a transporter.
 58839 | Depths:1 | Killed Oseiwk's ghost
 58870 | Depths:1 | Reached XP level 24. HP: 245/245 MP: 31/31
 59007 | D:14     | Bought a scroll of enchant armour for 187 gold pieces
 59107 | Depths:2 | Noticed a juggernaut
 59120 | Depths:2 | Killed a juggernaut
 59292 | Depths:2 | You are sucked into a shaft and drop 2 floors!
 59292 | Depths:4 | Entered Level 4 of the Depths
 59332 | Depths:4 | Found a one-way gate to the infinite horrors of the Abyss.
 59422 | Depths:4 | Found a magical portal.
 59432 | WizLab   | Entered Wucad Mu's Monastery
 59609 | WizLab   | Found the +9 staff of Wucad Mu {*channel}
 59664 | WizLab   | Reached XP level 25. HP: 220/255 MP: 17/31
 59915 | Depths:4 | Reached skill level 27 in Fighting
 59989 | Depths:4 | Found Uxajol's Weapon Shop.
 60190 | Depths:3 | Noticed Frederick
 60202 | Depths:3 | Killed Frederick
 60222 | Depths:3 | Reached XP level 26. HP: 219/266 MP: 31/31
 60588 | Depths:3 | Identified a scroll of acquirement
 60813 | Depths:3 | Acquired 1278 gold pieces
 61155 | Depths:3 | Identified the +9 quarterstaff "Weorehonn" {vorpal, rElec
                  | rN+}
 61169 | Depths:3 | Noticed a juggernaut
 61181 | Depths:3 | Killed a juggernaut
 61819 | Depths:3 | Found a shimmering altar of Xom.
 62012 | Depths:3 | Reached skill level 10 in Throwing
 62295 | Depths:3 | Identified the +8 chain mail of Unambiguity {rN+}
 62655 | Depths:2 | Found a one-way gateway to a ziggurat.
 62760 | Depths:2 | Paralysed by a floating eye for 3 turns
 62767 | Depths:2 | Identified the +9 broad axe "Murmur" {protect, Str+4
                  | Stlth+}
 62789 | Depths:2 | Reached skill level 27 in Armour
 62884 | Depths:2 | Reached skill level 15 in Dodging
 62888 | Depths:2 | Identified the +7 morningstar "Petestuxt" {vamp, Drain rF+
                  | rC++}
 62907 | Depths:2 | You are sucked into a shaft and drop 2 floors!
 62918 | Depths:4 | HP: 12/266 [purple draconian/bolt of dispelling energy
                  | (21)]
 62929 | Depths:4 | Found a gate to the Realm of Zot.
 63743 | Depths:4 | Reached XP level 27. HP: 268/273 MP: 31/31
 65114 | Depths:2 | Got Jysostu's Teachings on Icy Evolution
 65119 | Depths:2 | Learned a level 2 spell: Passwall
 65121 | Depths:2 | Learned a level 1 spell: Apportation
 65308 | Depths:2 | Found a hide-covered altar of Uskayaw.
 65446 | Depths:2 | Found a one-way gate leading to the halls of Pandemonium.
 65858 | Elf:3    | Bought a potion of curing for 42 gold pieces
 65861 | Elf:3    | Bought a potion of ambrosia for 96 gold pieces
 65861 | Elf:3    | Bought a potion of haste for 120 gold pieces
 65861 | Elf:3    | Bought a potion of might for 48 gold pieces
 65861 | Elf:3    | Bought 2 potions of might for 96 gold pieces
 65867 | Elf:3    | Bought a potion of might for 152 gold pieces
 65867 | Elf:3    | Bought an encrusted sling for 247 gold pieces
 65867 | Elf:3    | Identified the +7 sling of Doiqeink {venom, rF- rN+ Str+6
                  | Int+4} (You bought it in a shop on level 3 of the Elven
                  | Halls)
 65899 | Elf:2    | Bought a scroll of brand weapon for 152 gold pieces
 65899 | Elf:2    | Bought a scroll of magic mapping for 120 gold pieces
 65899 | Elf:2    | Bought a scroll of magic mapping for 120 gold pieces
 66188 | Vaults:4 | Bought a potion of ambrosia for 184 gold pieces
 66188 | Vaults:4 | Bought a potion of curing for 69 gold pieces
 66188 | Vaults:4 | Bought a potion of curing for 69 gold pieces
 66325 | D:14     | Bought a potion of mutation for 200 gold pieces
 66325 | D:14     | Bought a wand of quicksilver (3) for 315 gold pieces
 66839 | Vaults:5 | Entered Level 5 of the Vaults
 66894 | Vaults:5 | Noticed an ancient lich
 66906 | Vaults:5 | Killed an ancient lich
 67237 | Vaults:5 | Noticed an ancient lich
 67244 | Vaults:5 | Killed an ancient lich
 67772 | Vaults:5 | Identified the +0 plate armour of the Saviour {Int+4 Dex+2}
 67870 | Vaults:5 | Identified the +3 ring mail of the Postmodern Ships {rElec
                  | rF- Str+4}
 67876 | Vaults:5 | Identified the +5 halberd "Ydausecs" {venom, Contam Drain
                  | Will+++ Dex+9}
 68149 | Vaults:5 | Identified the +8 plate armour of Ignis's Grace {Regen+}
 68177 | Vaults:5 | Got a silver rune of Zot
 68232 | Vaults:5 | Found the +7 sceptre of Torment {pain, torment}
 68346 | Vaults:5 | Identified the +6 flail "Otaph" {vorpal, rF+ Will- rCorr
                  | Str+4}
 68772 | Vaults:5 | Got the Parchment of Frostbite
 68777 | Vaults:5 | Got the Meditations on Frostbitten Shaping
 68782 | Vaults:5 | Identified the +1 ring mail of Isoymeon {Fly rF- Dex+2}
 68928 | Vaults:5 | Identified the +1 ring mail of the Moon Troll {rPois MP+9
                  | Int+5 Dex-2}
 69432 | Slime:1  | Entered Level 1 of the Pits of Slime
 69555 | Slime:4  | Paralysed by a floating eye for 3 turns
 69558 | Slime:4  | Gained mutation: You are robust. (+10% HP) [a shining eye]
 69595 | Slime:5  | Entered Level 5 of the Pits of Slime
 69644 | Slime:5  | Lost mutation: You are robust. (+10% HP) [a shining eye]
 69691 | Slime:5  | Found a viscous altar of Jiyva.
 69692 | Slime:5  | Noticed the Royal Jelly
 69701 | Slime:5  | Killed the Royal Jelly
 69719 | Slime:5  | Found the +5 scythe "Finisher" {speed, eviscerate}
 69827 | Slime:5  | Identified the ring of Vyuvvaz {Will+ Str+7}
 69842 | Slime:5  | Identified the +3 kite shield of Dinnaun {rC+ Stlth+}
 69845 | Slime:5  | Got Kogrimom's Folio of Changing Production
 69863 | Slime:5  | Got the Writings on Venom and Stones
 69867 | Slime:5  | Got a slimy rune of Zot
 69907 | Slime:5  | Identified the +1 scale mail of Responsibility {Rampage
                  | rPois Str-4}
 69915 | Slime:5  | Identified the +7 war axe of the Building Hero {flame,
                  | Drain rElec Str+3 Int+2}
 69937 | Slime:5  | Identified the +1 scale mail of Viny Birdsong {Rampage rF-
                  | rN++}
 70459 | Zot:1    | Entered Level 1 of the Realm of Zot
 71154 | Zot:4    | Reached skill level 15 in Invocations
 72338 | Zot:4    | Noticed an orb of fire
 72354 | Zot:4    | Killed an orb of fire
 72765 | Zot:4    | Found a runed translucent gate.
 72765 | Zot:4    | Found a runed translucent gate.
 72767 | Zot:4    | Found a runed translucent gate.
 72767 | Zot:4    | Noticed Muataran's ghost (veteran MiMo)
 72767 | Zot:4    | Noticed Sofait's ghost (legendary GnFE)
 72914 | Zot:4    | Killed Sofait's ghost
 72920 | Zot:4    | Killed Muataran's ghost
 72921 | Zot:4    | Reached skill level 15 in Evocations
 72927 | Zot:4    | Identified the ring of Rationality {Fly rF+}
 73125 | Zot:3    | Identified the ring "Plog" {Ice SInv}
 73125 | Zot:3    | Noticed Josephina
 73138 | Zot:3    | Killed Josephina
 73170 | Zot:3    | Noticed an orb of fire
 73171 | Zot:3    | Gained mutation: You sometimes lose your temper in combat.
                  | [an orb of fire]
 73175 | Zot:3    | Killed an orb of fire
 74102 | Zot:2    | Found the +4 dragonskin cloak
 74102 | Zot:2    | Noticed Tiamat
 74136 | Zot:2    | Killed Tiamat
 76172 | Zot:5    | Entered Level 5 of the Realm of Zot
 77241 | Zot:5    | Noticed a dread lich
 77254 | Zot:5    | Killed a dread lich
 77384 | Zot:5    | Noticed an orb of fire
 77392 | Zot:5    | Killed an orb of fire
 77393 | Zot:5    | Noticed an orb of fire
 77397 | Zot:5    | Killed an orb of fire
 77409 | Zot:5    | Noticed a dread lich
 77414 | Zot:5    | Killed a dread lich
 77484 | Zot:5    | Reached skill level 15 in Throwing
 77496 | Zot:5    | Noticed an ancient lich
 77496 | Zot:5    | Noticed an ancient lich
 77496 | Zot:5    | Noticed an orb of fire
 77496 | Zot:5    | Noticed an orb of fire
 77498 | Zot:5    | Gained mutation: Armour fits poorly on your strangely
                  | shaped body. [an orb of fire]
 77501 | Zot:5    | Gained mutation: You are weak. (Str -2) [an orb of fire]
 77508 | Zot:5    | Killed an ancient lich
 77512 | Zot:5    | Killed an ancient lich
 77513 | Zot:5    | Killed an orb of fire
 77517 | Zot:5    | Killed an orb of fire
 77528 | Zot:5    | Noticed an ancient lich
 77530 | Zot:5    | Noticed an ancient lich
 77536 | Zot:5    | Killed an ancient lich
 77544 | Zot:5    | Killed an ancient lich
 77797 | Zot:5    | Acquired the +1 pair of gloves "Pegymoin" {Drain rN++
                  | Str+6}
 78328 | Zot:5    | Got the Orb of Zot
 78655 | Depths:1 | Noticed Raje the pandemonium lord
 78659 | Depths:1 | Paralysed by a floating eye for 4 turns
 78916 | D:5      | Noticed Tobat the pandemonium lord
 78976 | D:$      | Escaped with the Orb!

Illustrated notes

Levels and vault maps discovered:
D:1:      minmay_arrival_checkered_box, layout_loops_ring,
          ebering_ecumenical_altar_box
D:2:      layout_loops_ring, minmay_pentomino_s2
D:3:      layout_loops_cross, nicolae_sif_muna_little_library,
          ashenzari_altar_1, gammafunk_ghost_icy, minmay_misc_feat_rows
D:4:      layout_gridville, mainiacjoe_overflow_alcove_2,
          hangedman_decor_lopped, grunt_ministairs_13, minmay_manual_macuahuitl
D:5:      layout_basic, slow_altar_1, serial_shops, shop, uniq_duvessa
D:6:      layout_loops_corners
D:7:      layout_basic, dk_xom_monty_hall, minmay_temple_entry_mini_moons,
          dilly_guarded_unrand_morg
D:8:      layout_rooms, nicolae_vehumet_radiance
D:9:      layout_loops_ring, nicolae_gozag_seed_capital, lair_entry_dummy,
          serial_shops, nicolae_shop_stone, uniq_maurice
D:10:     layout_long_grid, chequers_temple_overflow_statue_of_worship,
          serial_shops, nicolae_shop_behind_doors, minmay_misc_feat_iff,
          minivault_7
D:11:     layout_basic, orc_0_dummy, minivault_26
D:12:     layout_basic, ebering_ghost_reflecting_pool, uniq_frances,
          uniq_nessos, uniq_urug, uniq_fannar
D:13:     layout_stronghold, uniq_lodul, uniq_rupert
D:14:     minmay_evil_eye, layout_cave_pools, skrybe_vaults_entry_preservation,
          serial_shops, shop_fountains, nicolae_lakefront_shop,
          nicolae_shop_bloodbath_and_beyond, minmay_stone_trees_medium,
          nicolae_splish_splash
D:15:     grunt_enter_depths_hoard, layout_grid_maze, lemuel_nasty_fountain,
          uniq_kirke, uniq_agnes
Lair:1:   beast_lair_carwin_large_3, layout_long_grid
Lair:2:   layout_regular_city, elwin_shoals_entry_rocks,
          spider_nest_entry_funnel_web, nicolae_lair_grove_arrangements,
          grunt_forest_small_clearing_treed, grunt_megastairs_2
Lair:3:   layout_layer_cave, enter_volcano_2, st_stairs_4,
          kennysheep_catoblepas_arena, serial_bayou_shore_b, uniq_amaemon
Lair:4:   layout_gridlike, slime_entry_1
Lair:5:   hangedman_lair_tendril_chambers, layout_long_grid, st_stairs_13,
          infiniplex_staircase_pool, lemuel_fruit_fields, serial_bayou_shore_b
Shoals:1: layout_shoals, nicolae_shoals_undead_eyrie
Shoals:2: layout_shoals, serial_shops, nicolae_take_the_stairs, overgrown_tower,
          uniq_polyphemus, uniq_donald
Shoals:3: layout_shoals, nicolae_shoals_lost_giant_baths, uniq_ilsuiw,
          uniq_jorgrun, uniq_roxanne, uniq_louise
Shoals:4: shoals_end_hellmonk_storm_palace [storm_palace_center_circular,
          storm_palace_corner_reverse_hut, storm_palace_corner_grid,
          storm_palace_corner_pillars, storm_palace_corner_blocked],
          serial_shops
Spider:1: layout_spider_delve, hangedman_spider_tarantella_strand
Spider:2: layout_spider_delve
Spider:3: layout_chambers, hangedman_spider_mandibles, uniq_arachne,
          uniq_bai_suzhen
Spider:4: hellmonk_spider_rune_endless_swarm, drop_trap,
          nicolae_spider_cling_ruins
Slime:1:  layout_caves
Slime:2:  layout_caves
Slime:3:  layout_caves
Slime:4:  layout_caves
Slime:5
Orc:1:    cheibrodos_orc_guarddog, layout_caves, statue_in_the_mist_lemuel
Orc:2:    kennysheep_orc_mage_school, layout_diamond_mine, mines4_lemuel
Elf:1:    minmay_elf_arrival_plus, layout_loops_corners, serial_shops,
          bzr_entry_gold, hangedman_elven_crosses_minicolossus, billiards_dpeg
Elf:2:    nicolae_elf_blades_crystal_corner, layout_rooms, serial_shops,
          nicolae_shop_stone, minmay_misc_feat_ornament, minmay_shop_grove
Elf:3:    minmay_elf_hall_dome, layout_gridlike, minmay_misc_feat_diagonals,
          nicolae_elf_hall_of_bonks, minmay_shoptagon, grunt_megastairs_4,
          uniq_aizul
Vaults:1: ontoclasm_vaults_misaligned, nicolae_vaults_twisting_passages,
          v_rooms_2, grunt_vaults_focal, v_misc_4,
          nicolae_vaults_network_periphery, st_more_cells,
          nicolae_vaults_what_the_h, v_misc_26, nicolae_vaults_little_squares_1,
          nicolae_vaults_ring_of_whatevers, vaults_dpeg_cross,
          layout_vaults_maze
Vaults:2: portal_desolation_entry_ruin, st_octagons_2, v_misc_24, v_misc_11,
          ontoclasm_vaults_pinch, nicolae_vaults_sealed_display, v_pattern_1,
          v_misc_9, hangedman_vaults_maws, nicolae_vaults_mini_display_case,
          vaults_room_fancy_cross, v_alt_pattern_1, v_misc_23,
          vaults_dpeg_emergency_exit, layout_vaults_omnicross, serial_glass,
          uniq_jory, uniq_nikola
Vaults:3: serial_ice_g, minmay_crypt_entry_simple_box, vaults_room_hallway,
          v_misc_27, hangedman_vaults_trim, ontoclasm_vaults_eye,
          nicolae_vaults_three_branches, hangedman_vaults_unwind,
          hangedman_vaults_slither, nicolae_vaults_little_squares_4,
          st_quartered_hall, vaults_room_hallway, layout_vaults_omnibox,
          serial_shops, bzr_firewalk, uniq_mennas
Vaults:4: ontoclasm_vaults_misaligned, hangedman_vaults_corner,
          gammafunk_sealed_arena, v_rooms_6, v_misc_11,
          nicolae_vaults_little_squares_6, vaults_room_large_hall,
          v_alt_pattern_6, hangedman_vaults_corner_blocks,
          layout_vaults_big_room, serial_shops, shop_statue
Vaults:5
Crypt:1:  layout_catacombs, grunt_crypt_arrival_split,
          roderic_lattice_octagonal_star
Crypt:2:  layout_gridlike, ebering_dispersal_statue_hall, due_unseen_surprise
Crypt:3:  david_glass_crypt, layout_misc_corridors, tomb_entry_sphere_bobbens
Depths:1: layout_gridlike, gammafunk_ghost_smash, hell_entry,
          minmay_fountain_box, nicolae_rare_books, xom_teletrap_fun,
          uniq_enchantress
Depths:2: minmay_the_grid_square_5x5_4x4
          [minmay_the_grid_square_5x5_fancy_junction,
          minmay_the_grid_square_5x5_gyroscope,
          minmay_the_grid_square_5x5_half_checkered,
          minmay_the_grid_square_5x5_eight_small,
          minmay_the_grid_square_5x5_inverted_slash,
          minmay_the_grid_square_5x5_prize_itemx,
          minmay_the_grid_square_5x5_prize_junk,
          minmay_the_grid_square_5x5_almost_minimal,
          minmay_the_grid_square_5x5_hollow_slash,
          minmay_the_grid_square_5x5_prize_pseudospiral,
          minmay_the_grid_square_5x5_prize_open,
          minmay_the_grid_square_5x5_checkered_sparse,
          minmay_the_grid_square_5x5_two_walls_a,
          minmay_the_grid_square_5x5_percent,
          minmay_the_grid_square_5x5_hourglass,
          minmay_the_grid_square_5x5_n_small], layout_basic, enter_ziggurat_e,
          nicolae_uskayaw_en_pointe, grunt_hell_horde, rand_demon_pan_entry_1
Depths:3: minmay_octagon_city, layout_honeycomb, abyss_entry_small_statue_room,
          old_standard_altar, hellmouth_3, st_stairs_9, firewood_loft,
          minmay_staircase_bubble, uniq_frederick, uniq_xtahua
Depths:4: evilmike_zot_entry_gauntlet, layout_gridlike, serial_shops,
          nicolae_shop_crystal, nicolae_abyss_entry_one_way_or_another,
          nicolae_twisting_strands, infiniplex_enter_wizlab_water, hell_entry
Zot:1:    layout_misc_corridors, hangedman_zot_decor_scrapings
Zot:2:    layout_twisted_circle, uniq_tiamat
Zot:3:    layout_twisted_circle, grunt_megastairs_3, uniq_josephina
Zot:4:    grunt_zot_stairs_mandelzot, layout_gridlike, gammafunk_ghost_cemetery
Zot:5:    layout_cathedral_of_symmetry

Skill      XL: |  1  2  3  4  5  6  7  8  9 10 11 12 13 14 15 16 17 18 19 20 21 22 23 24 25 26 27 |
---------------+----------------------------------------------------------------------------------+-----
Axes           | 3 4 5 6 8 12 16 18 19 20 24 | 24.2
Fighting       | 4 5 6 7 9 12 15 17 18 19 20 21 23 26 27 | 27.0
Armour         | 4 5 6 7 8 10 12 14 15 16 18 20 24 25 26 27 | 27.0
Shields        | 4 8 9 10 12 16 20 21 22 25 | 25.7
Invocations    | 1 2 3 4 5 6 8 9 10 11 12 13 17 | 17.1
Evocations     | 1 2 4 5 6 7 9 10 11 12 13 16 | 16.4
Dodging        | 6 10 12 14 15 19 | 19.1
Throwing       | 3 5 6 9 10 15 | 15.3

Action                   |  1- 3 |  4- 6 |  7- 9 | 10-12 | 13-15 | 16-18 | 19-21 | 22-24 | 25-27 || total
-------------------------+-------+-------+-------+-------+-------+-------+-------+-------+-------++-------
Melee: War axe           |    53 |    74 |   109 |       |       |       |       |       |       ||   236
       Headbutt          |     4 |    14 |    38 |    88 |    97 |   159 |   258 |   272 |   496 ||  1426
       Broad axe         |       |       |    74 |   579 |   445 |   572 |   952 |   808 |  1348 ||  4778
       Morningstar       |       |       |       |    17 |     5 |       |       |       |       ||    22
Throw: Dart              |       |       |       |       |     1 |     1 |     3 |       |     1 ||     6
       Throwing net      |       |       |       |       |     1 |     1 |     1 |       |     4 ||     7
       Javelin           |       |       |       |       |       |       |     2 |       |    19 ||    21
Invok: Dark Bargain      |       |       |     1 |       |     1 |       |       |       |       ||     2
       Recall Undead Har |       |       |       |     3 |     4 |     5 |     4 |     9 |    11 ||    36
       Bind Soul         |       |       |       |     1 |     2 |       |     4 |     1 |     4 ||    12
       Drain Life        |       |       |       |       |     2 |       |       |     1 |     1 ||     4
Evoke: Wand              |       |     3 |       |    27 |    19 |    44 |    12 |    10 |    55 ||   170
       Condenser vane    |       |       |       |     1 |     4 |     4 |     3 |     3 |    12 ||    27
       Tin of tremorston |       |       |       |       |     1 |     5 |     7 |     6 |    13 ||    32
       Lightning rod     |       |       |       |       |       |     3 |    11 |     6 |    24 ||    44
       Phantom mirror    |       |       |       |       |       |       |     1 |     2 |     5 ||     8
       Phial of floods   |       |       |       |       |       |       |       |       |     1 ||     1
       Box of beasts     |       |       |       |       |       |       |       |       |     5 ||     5
  Use: Scroll            |     4 |     7 |     8 |     8 |    11 |    11 |    14 |    13 |    23 ||    99
       Potion            |       |     1 |     1 |     1 |     2 |     5 |     3 |     3 |    21 ||    37
 Stab: Distracted        |       |       |       |     8 |     6 |    14 |    15 |    14 |    43 ||   100
       Confused          |       |       |       |       |     1 |       |       |       |       ||     1
Armor: Scale mail        |    18 |    32 |    11 |       |       |       |       |       |       ||    61
       Chain mail        |       |       |    38 |       |   152 |       |       |       |       ||   190
       Plate armour      |       |       |    15 |   352 |    27 |   411 |   242 |       |       ||  1047
       Ring mail         |       |       |       |       |     8 |       |       |       |       ||     8
       Gold dragon scale |       |       |       |       |       |       |   202 |   258 |   500 ||   960
Dodge: Dodged            |    20 |    14 |    41 |   132 |   126 |   254 |   303 |   212 |   367 ||  1469
Block: Buckler           |    22 |    46 |    83 |   317 |   195 |   193 |       |       |       ||   856
       Reflection        |       |     1 |     3 |    10 |     9 |    18 |       |       |       ||    41
       Kite shield       |       |       |       |       |       |    62 |       |       |       ||    62
       Tower shield      |       |       |       |       |       |   143 |   844 |   743 |  1496 ||  3226
